 Dungeon Crawl Stone Soup version 0.31-a0-833-gc15d34cb79 (webtiles) character file.

Game seed: 8897420351000007483

135 lunkers the Digger (level 5, -2/38 HPs)
             Began as a Meteoran Earth Elementalist on Sept 25, 2023.
             Slain by Ijyb
             ... wielding a +0 dagger
              (4 damage)
             ... on level 3 of the Dungeon.
             The game lasted 00:02:50 (1000 turns).

lunkers the Digger (Meteoran Earth Elementalist)    Turns: 1000, Time: 00:02:51

Health: -2/38      AC:  7    Str:  9    XL:     5   Next: 70%
Magic:  3/12       EV: 12    Int: 18    God:
Gold:   85         SH:  0    Dex: 15    Spells: 6/12 levels left

rFire   . . .        (no weapon)
rCold   . . .        (no shield)
rNeg    . . .        a - +0 robe
rPois   .            d - +0 helmet
rElec   .            (no cloak)
rCorr   .            (no gloves)
SInv    .            (no boots)
Will    .....        (no amulet)
Stlth   +            f - +4 ring of protection
HPRegen 0.26/turn    (no ring)
MPRegen 0.13/turn

%: no passive effects
@: glowing
A: sense surroundings 1, otherworldly, glowing, explore regen
a: no special abilities


You were on level 3 of the Dungeon.
You visited 1 branch of the dungeon, and saw 3 of its levels.

You collected 85 gold pieces.

Inventory:

Armour
 a - a +0 robe (worn)
 d - a +0 helmet (worn)
Jewellery
 f - a +4 ring of protection (left hand)
Wands
 b - a wand of polymorph (14)
Scrolls
 c - 2 scrolls of noise {unknown}
 e - a scroll of poison {unknown}
 i - 2 scrolls of fog {unknown}
 k - a scroll of immolation {unknown}
Potions
 g - a potion of attraction {unknown}
 h - a potion of brilliance {unknown}
 j - a potion of curing {unknown}
 l - a potion of mutation {unknown}


   Skills:
 - Level 2.1 Dodging
 - Level 1.4 Stealth
 + Level 4.2 Spellcasting
 - Level 1.2 Transmutations
 * Level 6.0 Earth Magic


You had 6 spell levels left.
You knew the following spells:

 Your Spells              Type           Power      Damage    Failure   Level
a - Sandblast             Erth           50%        2d12      1%          1
b - Passwall              Tmut/Erth      13%        N/A       4%          2
c - Stone Arrow           Conj/Erth      28%        3d8       12%         3

Your spell library contained the following spells:

 Spells                   Type           Power      Damage    Failure   Level
 Petrify                  Tmut/Erth      16%        N/A       32%         4
 Brom's Barrelling Bould  Conj/Erth      14%        2d4       38%         4
 Vhi's Electric Charge    Tloc/Air       6%         N/A       82%         4
 Arcjolt                  Conj/Air       1%         1d11      99%         5
 Maxwell's Capacitive Co  Air            1%         ∞         100%        8


Dungeon Overview and Level Annotations

Branches:
Dungeon (3/15) Zot: 741

Altars:

Annotations:
D:3 Ijyb, Robin


Innate Abilities, Weirdness & Mutations

You passively map a small area around you.
You are easily found by Zot.
You glow in the dark.
You regain HP and MP as you explore.


Message History

* * * LOW HITPOINT WARNING * * *
The hobgoblin completely misses you.
Robin roars a battlecry!
The goblins go into a battle-frenzy!
Ijyb zaps a wand.
You struggle to resist.
The hobgoblin hits you but does no damage.
Unknown command.
Aiming: Sandblast (safe; 1% risk of failure)
Press: ? - help, Q - select action, (/) - cycle Shift-Dir - straight line, f/p - Ijyb
Aim: Ijyb, wielding a +0 dagger, wearing a +0 chain mail of cold resistance and carrying a wand of mindburst (lightly wounded, strong, 83% to hit)
The blast of sand hits Ijyb.
Ijyb is moderately wounded.
Ijyb screams, "Me kill you!"
Ijyb zaps a wand.
You struggle to resist.
The hobgoblin closely misses you.
A kobold comes into view. It is wielding a +0 club.
The kobold shouts!
Unknown command.
Unknown command.
Okay, then.
Aiming: Sandblast (safe; 1% risk of failure)
Press: ? - help, Q - select action, (/) - cycle Shift-Dir - straight line, f/p - Ijyb
Aim: Ijyb, wielding a +0 dagger, wearing a +0 chain mail of cold resistance and carrying a wand of mindburst (moderately wounded, strong, 83% to hit)
The blast of sand hits Ijyb but does no damage.
Ijyb is moderately wounded.
You hear the rusting of a distant drain.
You hear an angry hiss.
Ijyb hits you but does no damage. The hobgoblin hits you.
* * * LOW HITPOINT WARNING * * *
A rat comes into view.
Ijyb barely misses you.
The hobgoblin hits you but does no damage.
Unknown command.
Aiming: Sandblast (safe; 1% risk of failure)
Press: ? - help, Q - select action, (/) - cycle Shift-Dir - straight line, f/p - Ijyb
Aim: Ijyb, wielding a +0 dagger, wearing a +0 chain mail of cold resistance and carrying a wand of mindburst (moderately wounded, strong, 83% to hit)
The blast of sand hits Ijyb but does no damage.
Ijyb is moderately wounded.
Ijyb grins evilly.
Ijyb hits you with a +0 dagger.
You die...

......## ........ ##### * ,.
.......##.......###.... , , ..
..........<...(......# * , ,...
.......###.#....>....######......
.......###.##K.......##..........
...........##(..........###......
........#..###.......#......##* *
................###..........#*,*
.....###..####.g@gg...r##........
###.## ##..####.##...............
#.# ##.........................
#.###............###...........
#..#...........................
##...........÷.................
**###.........†<.....#.#....,
.......)....)....##.#.... ,
.....................#,


You could see Ijyb (strong), Robin, a hobgoblin (strong), a kobold and a rat.

Vanquished Creatures
  Terence (D:2)
  2 iguanas (D:3)
  An adder (D:2)
  2 dart slugs (D:3)
  An orc (D:2)
  2 endoplasms (D:3)
  A giant cockroach (D:2)
  5 goblins
  3 hobgoblins
  7 jackals (D:3)
  4 kobolds
  A quokka (D:1)
  2 ball pythons
  4 bats
  3 frilled lizards
  7 rats
46 creatures vanquished.

Notes
Turn   | Place    | Note
-------+----------+-------------------------------------------
     0 | D:1      | lunkers the Meteoran Earth Elementalist began the quest for
                  | the Orb.
     0 | D:1      | Reached XP level 1. HP: 14/14 MP: 5/5
    55 | D:1      | Reached XP level 2. HP: 16/20 MP: 1/6
   220 | D:1      | Reached skill level 4 in Earth Magic
   311 | D:1      | You fall into a shaft and drop 1 floor!
   392 | D:2      | Noticed Terence
   430 | D:2      | Killed Terence
   431 | D:2      | Reached XP level 3. HP: 16/26 MP: 1/8
   514 | D:2      | Learned a level 2 spell: Passwall
   518 | D:2      | Learned a level 3 spell: Stone Arrow
   536 | D:2      | Reached XP level 4. HP: 33/33 MP: 6/10
   564 | D:2      | Found a faded altar of an unknown god.
   742 | D:2      | Reached skill level 5 in Earth Magic
   778 | D:3      | Reached XP level 5. HP: 29/38 MP: 2/11
   955 | D:3      | Reached skill level 6 in Earth Magic
   977 | D:3      | Noticed Ijyb
   979 | D:3      | Noticed Robin
  1000 | D:3      | Slain by Ijyb

Illustrated notes

Levels and vault maps discovered:
D:1:      minmay_arrival_shoal_huts, layout_basic, grunt_decor_resistance
D:2:      layout_basic, shapermc_ecumenical_altar_hornbeckon,
          uniq_crazy_yiuf_cottage, uniq_terence
D:3:      layout_rooms, gup_sewer_entry_bowl, nicolae_goblin_pals

Skill      XL: |  1  2  3  4  5 |
---------------+----------------+-----
Earth Magic    | 4 5 6 |  6.0
Spellcasting   | 3 4 |  4.2
Dodging        | |  2.1
Stealth        | |  1.4
Transmutations | |  1.2

Action                     |  1- 3 |  4- 6 || total
---------------------------+-------+-------++-------
  Melee: Unarmed           |    16 |     3 ||    19
   Cast: Sandblast         |    36 |    48 ||    84
    Use: Potion            |     1 |       ||     1
   Stab: Confused          |     1 |       ||     1
 Armour: Robe              |     7 |    93 ||   100
         Skin              |     3 |       ||     3
  Dodge: Dodged            |    18 |    91 ||   109

Table legend: (Time is in decaauts)
 A = Elapsed time spent in this place.
 B = Non-inter-level travel time spent in this place.
 C = Inter-level travel time spent in this place.
 D = Time resting spent in this place.
 E = Time spent auto-exploring this place.
 F = Levels seen in this place.
 G = Mean time per level.
                   A        B        C        D        E       F      G
               +--------+--------+--------+--------+--------+-----+--------+
         Total |   1057 |   1014 |     43 |      0 |    622 |   3 |  352.3 |
       Dungeon |   1057 |   1014 |     43 |      0 |    622 |   3 |  352.3 |
               +--------+--------+--------+--------+--------+-----+--------+

Top non-repeatable levels by time:
     D:2: 528 daAuts
     D:1: 319 daAuts
     D:3: 209 daAuts
